 Dungeon Crawl Stone Soup version 0.21-a0-531-gacddea6 (webtiles) character file.

50 Gerstahl the Skirmisher (level 3, -4/30 HPs)
             Began as a Demonspawn Monk on Dec 12, 2017.
             Slain by Crazy Yiuf
             ... wielding a +4 quarterstaff of chaos
              (7 damage)
             ... on level 2 of the Dungeon.
             The game lasted 00:01:49 (2003 turns).

Gerstahl the Skirmisher (Demonspawn Monk)           Turns: 2003, Time: 00:01:51

Health: -4/30      AC:  4    Str: 11    XL:     3   Next: 55%
Magic:  3/3        EV: 13    Int: 11    God:
Gold:   129        SH:  0    Dex: 16    Spells: 2/2 levels left

rFire    . . .     SeeInvis .   a - +0 falchion
rCold    . . .     Gourm    .   (no shield)
rNeg     . . .     Faith    +   b - +0 robe
rPois    .         Spirit   .   (no helmet)
rElec    .         Reflect  .   (no cloak)
rCorr    .         Harm     .   (no gloves)
MR       .....                  l - +1 pair of boots
Stlth    ++........             j - amulet of faith (curse)
HPRegen  0.10/turn              (no ring)
MPRegen  0.08/turn              (no ring)

@: drained
A: claws 1, demonic guardian 1
a: no special abilities


You were on level 2 of the Dungeon.
You were not hungry.

You visited 1 branch of the dungeon, and saw 2 of its levels.

You collected 129 gold pieces.

Inventory:

Hand Weapons
 a - a +0 falchion (weapon)
Armour
 b - a +0 robe (worn)
 l - a +1 pair of boots (worn)
Jewellery
 j - a cursed amulet of faith (around neck)
Scrolls
 e - 4 scrolls of identify {unknown}
 f - 2 scrolls of remove curse {unknown}
 h - 2 scrolls of amnesia {unknown}
 i - 2 scrolls of blinking {unknown}
Potions
 d - 2 potions of curing {unknown}
Comestibles
 c - 2 bread rations
 g - 2 royal jellies


   Skills:
 + Level 3.9(3.5) Fighting
 + Level 3.5(3.1) Long Blades
 - Level 2.6(2.3) Dodging
 - Level 1.7(1.4) Stealth


You had 2 spell levels left.
You didn't know any spells.

Dungeon Overview and Level Annotations

Branches:
Dungeon (2/15)

Altars:

Annotations:
D:2 Crazy Yiuf


Innate Abilities, Weirdness & Mutations

You have sharp fingernails.
A weak demonic guardian rushes to your aid.


Message History

Crazy Yiuf yells, "Fire senile snockshim!"
Found two maces.
There is an open door here.
You barely miss Crazy Yiuf. Crazy Yiuf closely misses you.
Your white imp barely misses Crazy Yiuf.
You hit Crazy Yiuf but do no damage.
Crazy Yiuf drinks a potion.
Crazy Yiuf seems to grow stronger.
Your white imp gestures at Crazy Yiuf.
The puff of frost hits Crazy Yiuf.
You hit Crazy Yiuf but do no damage.
Crazy Yiuf is moderately wounded.
Crazy Yiuf hits you with a quarterstaff of chaos!
You feel drained.
Your white imp barely misses Crazy Yiuf.
You hit Crazy Yiuf.
Crazy Yiuf is heavily wounded.
Crazy Yiuf hits you with a quarterstaff of chaos!
* * * LOW HITPOINT WARNING * * *
Crazy Yiuf freezes you!
You die...

.#
#########..........
.# ###.###.... .#
###.# ##### .#
#...# ###.. .#
##### ##.### #...#
.## #)..# #..#
##.### <.# #.).#
#.#####..# # ..#
#5g.# ####....## #
..# #@# #.#### #
..# ##### ♣)♣♣ ##.#
### ..#### #...#
♣♣.♣ #<.# ##..
.....###.### ♣.♣♣
##.## #...
..##.....## ♣♣.♣
##..# #...
..######..# ♣♣.♣♣
#..######... ..#
#..# ♣♣...♣
#........... ..#
#..## ♣....♣
###...#..... .##
##...# #....#
###.###.#...


You could see Crazy Yiuf and a friendly white imp.

Vanquished Creatures
  An ooze (D:2)
  3 dart slugs
  A leopard gecko (D:2)
  A giant cockroach (D:2)
  3 goblins
  4 hobgoblins
  7 jackals
  A ball python (D:1)
  4 bats
  8 kobolds
  4 rats
37 creatures vanquished.

Notes
Turn   | Place    | Note
-------+----------+-------------------------------------------
     0 | D:1      | Gerstahl the Demonspawn Monk began the quest for the Orb.
     0 | D:1      | Reached XP level 1. HP: 18/18 MP: 1/1
   274 | D:1      | Gained mutation: A weak demonic guardian rushes to your aid. [demonic ancestry]
   274 | D:1      | Reached XP level 2. HP: 20/24 MP: 2/2
  1232 | D:2      | Gained mutation: You have sharp fingernails. [demonic ancestry]
  1232 | D:2      | Reached XP level 3. HP: 22/30 MP: 3/3
  1654 | D:2      | Found a runed door.
  1998 | D:2      | Noticed Crazy Yiuf
  2003 | D:2      | Slain by Crazy Yiuf

Vault maps used:
D:1:      scummos_arrival_gate
D:2:      uniq_crazy_yiuf_cottage

Skill      XL: |  1 |
---------------+----+-----
Long Blades    | 3 |  3.5
Fighting       | |  3.9
Dodging        | |  2.6
Stealth        | |  1.7

Action                   || total
-------------------------++-------
Melee: Falchion          ||   117
 Stab: Sleeping          ||     2
  Eat: Chunk             ||     4
Armor: Robe              ||    17
Dodge: Dodged            ||   109
       Rpst.: Falchion   ||    35

Table legend:
 A = Spawn XP
 B = Non-spawn XP
 C = Spawn XP percentage of total XP
 D = Spawn monster count
 E = Non-spawn monster count
 F = Spawn count percentage of total count
 G = Total turns spent on level
                    A         B        C        D         E        F      G
               +---------+---------+-------+---------+---------+-------+---------
         Total |       0 |      72 |   0.0 |       0 |      37 |   0.0 |  2003
               +---------+---------+-------+---------+---------+-------+---------
           D:1 |       0 |      32 |   0.0 |       0 |      19 |   0.0 |  1082
           D:2 |       0 |      40 |   0.0 |       0 |      18 |   0.0 |   921
               +---------+---------+-------+---------+---------+-------+---------
